[Event "Late-Titled-Tuesday-Blitz-September-05-2023"]
[Site "Chess.com"]
[Date "2023.09.05"]
[Round "7"]
[White "AlexNovitz"]
[Black "jjbolanos"]
[Result "1-0"]
[WhiteElo "2218"]
[BlackElo "2061"]
[TimeControl "180+1"]
[EndTime "15:18:33 PDT"]
[Termination "AlexNovitz won on time"]

1. e4 c5 2. Nf3 e6 3. d4 cxd4 4. Nxd4 a6 5. Nc3 Qc7 6. a3 Nf6 7. Bd3 b5 8. O-O Bb7 9. Qe2 d6 10. Bg5 Be7 11. Rae1 O-O 12. Be3 Nbd7 13. f4 Nc5 14.
Bf2 d5 15. e5 Nfe4 16. Bxe4 dxe4 17. b4 Nd3 18. cxd3 Qxc3 19. dxe4 Qxa3 20. f5 Bxb4 21.
Rd1 exf5 22. exf5 Be7 23. Rd3 Qb4 24. Rg3 Bh4 25. Rxg7+ Kxg7 26. Qg4+ Kh8 27. Bxh4 f6 28. Bxf6+ Rxf6 29. exf6 Rg8 30. Qxg8+ Kxg8 31. Ne6 Qe4 32. f7+ Kxf7 33. Ng5+ Kf6 34. Nxe4+ Bxe4 35. h4 b4 36. g4 b3 37. g5+ Ke5 38. Rf2 a5 39. f6 Bg6 40.
Rb2 a4 41. Kf2 Kd4 42. Kg3 Kc3 43. h5 Bxh5 44. Rf2 Bf7 45. Rh2 Bg6 46. Rxh7 1-0

[Event "Late-Titled-Tuesday-Blitz-September-05-2023"]
[Site "Chess.com"]
[Date "2023.09.05"]
[Round "7"]
[White "The_Machine04"]
[Black "jcibarra"]
[Result "0-1"]
[WhiteElo "2608"]
[BlackElo "2899"]
[TimeControl "180+1"]
[EndTime "15:18:34 PDT"]
[Termination "jcibarra won by resignation"]

1. d4 Nf6 2. Nf3 g6 3. Nbd2 Bg7 4. e4 d6 5. Bc4 O-O 6. O-O Nc6 7. c3 e5 8. dxe5 Nxe5 9. Nxe5 dxe5 10. Qe2 Qe7 11.
a4 Nh5 12. g3 Bh3 13. Re1 a5 14. b3 Rfd8 15. Ba3 Qg5 16. Nf3 Qf6 17. Rad1 Bf8 18.
Bc1 h6 19. Rxd8 Rxd8 20. Rd1 Rxd1+ 21. Qxd1 Bg4 22. Kg2 Bc5 23. h3 Bxf3+ 24. Qxf3 Kg7 25. Qxf6+ Nxf6 26. Kf3 Ne8 27. Bd2 Nd6 28. Bd3 f5 29.
exf5 gxf5 30. Ke2 e4 31. Bc2 h5 32. b4 axb4 33. cxb4 Bd4 34. Bf4 Ne8 35. Bb3 Kf6 36.
Bc4 Be5 37. Bxe5+ Kxe5 38. Ke3 Nf6 39. a5 c6 40. h4 Nd5+ 41. Bxd5 cxd5 42. b5 d4+ 43.
Ke2 Kd5 44. f3 d3+ 45. Ke3 Kc5 46. fxe4 fxe4 47. a6 bxa6 48. bxa6 Kb6 49. g4 hxg4 50. h5 g3 51. h6 g2 52. Kf2 d2 53. h7 g1=Q+ 54.
Kxg1 d1=Q+ 55. Kf2 Qh5 0-1

[Event "Late-Titled-Tuesday-Blitz-September-05-2023"]
[Site "Chess.com"]
[Date "2023.09.05"]
[Round "7"]
[White "Jospem"]
[Black "GarayevKanan"]
[Result "1-0"]
[WhiteElo "3030"]
[BlackElo "2710"]
[TimeControl "180+1"]
[EndTime "15:18:35 PDT"]
[Termination "Jospem won on time"]

1. e4 e6 2. d4 d5 3. Nd2 c5 4.
Ngf3 cxd4 5. Nxd4 Nc6 6. Bb5 Bd7 7. Nxc6 Bxc6 8. Bxc6+ bxc6 9. c4 Nf6 10. Qa4 Qc7 11.
exd5 exd5 12. cxd5 Nxd5 13. O-O Be7 14. Nf3 O-O 15. Bd2 Bf6 16. Rab1 Rfe8 17. b3 Re6 18. Rbc1 Rae8 19. Rc2 Nb6 20. Qa6 Re2 21.
Bf4 Qe7 22. Rxe2 Qxe2 23. Qxa7 Nd5 24. Bd2 Qb5 25. Rc1 h6 26. Qc5 Qd3 27. Qxc6 Rd8 28. Qc4 Qf5 29. h3 Nb6 30. Qf4 Qb5 31. Qe4 Qd7 32. Ba5 Re8 33. Qc2 Rc8 34. Qd1 Rxc1 35. Qxc1 Nd5 36. Bd2 Qb7 37. Qc4 Nb6 38. Qd3 Qc6 39.
a4 Nd7 40. a5 Nc5 41. Qc4 Qd6 42. b4 Nd3 43. a6 Ne5 44. Qe2 Nxf3+ 45. gxf3 Bd4 46. Be3 Qg6+ 47. Kf1 Qb1+ 48. Kg2 Qg6+ 49. Kh2 Qd6+ 50. f4 1-0

[Event "Late-Titled-Tuesday-Blitz-September-05-2023"]
[Site "Chess.com"]
[Date "2023.09.05"]
[Round "7"]
[White "Djager97"]
[Black "JoakimVonAnd"]
[Result "1/2-1/2"]
[WhiteElo "2529"]
[BlackElo "2720"]
[TimeControl "180+1"]
[EndTime "15:18:36 PDT"]
[Termination "Game drawn by repetition"]

1. e4 c6 2. d4 d5 3. exd5 cxd5 4. Bd3 Nc6 5. c3 Qc7 6. h3 Nf6 7. Nf3 e6 8. O-O Bd6 9. Re1 O-O 10. Nbd2 Nd7 11. Nf1 Re8 12. Ne3 Nf6 13. b3 e5 14.
dxe5 Nxe5 15. Nxe5 Bxe5 16. Bb2 Bd7 17. Rc1 Rad8 18.
Qc2 h6 19. c4 Bxb2 20. Qxb2 dxc4 21. Bxc4 Bc6 22. Nf5 Nh5 23. Be2 Qf4 24. Bxh5 Qxf5 25. Bg4 Qg5 26. Qc3 Qf4 27. Rxe8+ Rxe8 28. Re1 Rd8 29. Qe3 Qf6 30. Bf3 Bxf3 31. Qxf3 Qxf3 32. gxf3 Kf8 33. Rc1 Rd7 34. Kf1 Ke7 35. Ke2 b6 36.
Ke3 Ke6 37. h4 h5 38. Rc4 g6 39. a4 a6 40. b4 Rd1 41. b5 axb5 42. axb5 Rd5 43. Rc6+ Rd6 44. Rc7 Kf6 45. Ke4 Ke6 46.
Rb7 Kf6 47. f4 Ke6 48. f3 f6 49. Rc7 Rd1 50. Rc6+ Rd6 51. Rc7 Rd1 52. Rc6+ Rd6 53. Rc7 1/2-1/2

[Event "Late-Titled-Tuesday-Blitz-September-05-2023"]
[Site "Chess.com"]
[Date "2023.09.05"]
[Round "7"]
[White "IM_Tissir"]
[Black "azikom"]
[Result "1-0"]
[WhiteElo "2493"]
[BlackElo "2643"]
[TimeControl "180+1"]
[EndTime "15:18:37 PDT"]
[Termination "IM_Tissir won by checkmate"]

1. e4 c5 2. Nc3 e6 3. Nf3 a6 4.
d4 cxd4 5. Nxd4 b5 6. Bd3 Bb7 7.
O-O Nc6 8. Nb3 Nf6 9. Qe2 d6 10. Bd2 Be7 11. Rae1 b4 12. Nd1 a5 13. c3 bxc3 14. Bxc3 O-O 15. f4 a4 16. Nd2 Ba6 17.
Bxa6 Qb6+ 18. Kh1 Qxa6 19. Qf3 Rac8 20. a3 Nd7 21. Nf2 Bf6 22. e5 dxe5 23. Ng4 Nd4 24. Qe4 Nf5 25. fxe5 Be7 26. Qf3 Qc6 27. Ne4 Rfd8 28.
Qf4 Nf8 29. Ngf6+ gxf6 30. exf6 Ng6 31. fxe7 Nxf4 32. Nf6+ Kg7 33. exd8=Q Rxd8 34. Rxf4 Kf8 35. Nxh7+ Ke8 36. Rxf5 Rd3 37. Nf6+ Kd8 38. Rf2 Rxc3 39. bxc3 Qxc3 40. Rd1+ Ke7 41. Rff1 Qxa3 42. Rd7+ Kf8 43. Ne4 f5 44. Ng5 Qb3 45. Re1 e5 46. Rc1 Ke8 47. Rh7 Kd8 48. h3 Qe3 49. Ne6+ Ke8 50. Rc8# 1-0

[Event "Late-Titled-Tuesday-Blitz-September-05-2023"]
[Site "Chess.com"]
[Date "2023.09.05"]
[Round "7"]
[White "Colombiano07"]
[Black "FredddieCroderg"]
[Result "1-0"]
[WhiteElo "2410"]
[BlackElo "2289"]
[TimeControl "180+1"]
[EndTime "15:18:37 PDT"]
[Termination "Colombiano07 won by resignation"]

1. d4 d6 2. e4 e5 3. Nf3 exd4 4. Qxd4 Nf6 5. Nc3 a6 6. Bg5 Be7 7. O-O-O Nc6 8. Qe3 O-O 9. h3 Be6 10. e5 Ne8 11.
Bxe7 Qxe7 12. Bd3 dxe5 13. Nxe5 Nxe5 14. Qxe5 Nd6 15. Rhe1 Rfe8 16. f4 Qh4 17. Qg5 Qxg5 18.
fxg5 b5 19. b3 Rad8 20. g4 Nb7 21. Bf5 Bxf5 22. gxf5 Nd6 23. Nd5 Nxf5 24. Nxc7 Rxe1 25. Rxe1 Rc8 26. Nxa6 Nd4 27. Nb4 Nf3 28. Rd1 Nxg5 29. Rd5 Nxh3 30. Rxb5 Nf4 31. a4 h5 32. Rf5 Ne6 33.
Rxh5 Nd4 34. Kb2 g6 35. Rd5 Ne6 36. a5 g5 37. Rd3 Kg7 38. a6 g4 39. Nd5 Ra8 40.
Ne3 Rxa6 41. Nxg4 Rb6 42. Ne5 Rb5 43. Rg3+ Kf6 44. Nc4 Ke7 45. Rf3 Rb7 46. Rxf7+ Kxf7 47. Nd6+ Ke7 48. Nxb7 Kd7 49. Na5 Kd6 50. Nc4+ Kc5 51.
Kc3 Nd4 52. b4+ Kd5 53. Nb6+ Ke5 54. Kd3 Nc6 55. Kc4 Kd6 56. c3 Kc7 57. Nd5+ Kb7 58. b5 Na7 59. Kc5 Nc8 60. c4 Kb8 61. Kc6 Na7+ 62. Kd7 Nc8 63. c5 Na7 64. b6 Nb5 65. c6 Ka8 66. c7 Nxc7 67. bxc7 Ka7 68. Nf6 Kb6 69. c8=Q 1-0

[Event "Late-Titled-Tuesday-Blitz-September-05-2023"]
[Site "Chess.com"]
[Date "2023.09.05"]
[Round "7"]
[White "BigAl"]
[Black "pouya21"]
[Result "0-1"]
[WhiteElo "2545"]
[BlackElo "2806"]
[TimeControl "180+1"]
[EndTime "15:18:38 PDT"]
[Termination "pouya21 won by resignation"]

1. Nf3 d5 2. g3 Nd7 3. Bg2 e5 4. d3 Ngf6 5. O-O Bd6 6. Nc3 O-O 7. e4 dxe4 8. Nxe4 Nxe4 9. dxe4 Nc5 10. Qe2 Be6 11. Rd1 Qe8 12. Nh4 Rd8 13. Be3 a6 14.
h3 Qb5 15. Qxb5 axb5 16. b3 g6 17. Nf3 Nxe4 18. Bh6 Rfe8 19. Re1 f5 20. Ng5 Nxg5 21.
Bxg5 Rb8 22. a4 bxa4 23. Rxa4 Kg7 24. Ra7 h6 25. Bc1 b6 26. Bb2 Bf7 27. f4 Kf8 28. fxe5 Bb4 29. Rd1 Re7 30. Kf1 Be6 31. Ke2 Bc5 32. Bc6 Kf7 33. Kf3 g5 34. Bc3 b5 35.
Ra5 Bb6 36. Rxb5 Kg6 37. Bb4 g4+ 38. Kg2 gxh3+ 39. Kh2 Rf7 40. c4 f4 41. gxf4 Rxf4 42.
Rg1+ Bxg1+ 43. Kxg1 Rxb5 44. Bxb5 Rg4+ 45. Kh1 Rg2 46.
Be8+ Kg7 47. Be7 Rb2 48. Ba4 Bf5 49. Bf6+ Kf7 50. Bc6 h5 51. Bd5+ Be6 52. Be4 h4 53. Bf3 Bf5 54. Bh5+ Ke6 55. Bf3 Rxb3 56. Bd5+ Kd7 57.
Kh2 c6 58. e6+ Bxe6 59. Be4 Bxc4 60. Bf5+ Be6 61. Be4 Re3 62. Bh1 Re2+ 63. Kg1 Bd5 0-1

[Event "Late-Titled-Tuesday-Blitz-September-05-2023"]
[Site "Chess.com"]
[Date "2023.09.05"]
[Round "7"]
[White "Marcin"]
[Black "SilverCityIndigo"]
[Result "1-0"]
[WhiteElo "2476"]
[BlackElo "2298"]
[TimeControl "180+1"]
[EndTime "15:18:38 PDT"]
[Termination "Marcin won by resignation"]

1. e4 e5 2. Nf3 Nf6 3. Nc3 Nc6 4.
g3 d5 5. exd5 Nxd5 6. Nxd5 Qxd5 7. Bg2 Bg4 8. d3 O-O-O 9. h3 Bb4+ 10. c3 e4 11. hxg4 exf3 12. Bxf3 Rhe8+ 13. Kf1 Qb5 14. a4 Qa6 15. Kg2 Rxd3 16. Qf1 Ne5 17. Be4 Qc4 18.
Bxd3 Qd5+ 19. f3 Nxd3 20. cxb4 Ne1+ 21. Qxe1 Rxe1 22. Rxe1 Qb3 23. Be3 Qxb2+ 24. Bf2 Qxb4 25. Rad1 b6 26. Re4 Qb3 27. Rde1 Kb7 28. a5 g6 29. axb6 axb6 30. Re7 h5 31. Rc1 hxg4 32. Rexc7+ Ka6 33. fxg4 Qd5+ 34. Kg1 Qg5 35. R7c6 Ka5 36.
Ra1+ Kb5 37. Rxb6+ Kc4 38. Ra4+ Kd3 39. Rb3+ Kc2 40. Rab4 Kd1 41. Rb1+ Ke2 42. R1b2+ Kf3 43. R4b3+ Kxg4 44. Rb4+ Kh5 45. Rb5 f5 46. R2b4 Qc1+ 47. Kg2 Qc6+ 48. Kg1 g5 49. Rxf5 Qc1+ 50. Kh2 Qf1 51. g4+ Kg6 52. Rb6+ Kg7 53. Bd4+ 1-0

[Event "Late-Titled-Tuesday-Blitz-September-05-2023"]
[Site "Chess.com"]
[Date "2023.09.05"]
[Round "7"]
[White "Maluco_do_Natal_00"]
[Black "NowInChess"]
[Result "1/2-1/2"]
[WhiteElo "1984"]
[BlackElo "2267"]
[TimeControl "180+1"]
[EndTime "15:18:40 PDT"]
[Termination "Game drawn - timeout vs insufficient material"]

1. e4 e6 2. d4 d5 3. Nc3 Nc6 4. Nf3 Nf6 5. e5 Ne4 6. a3 Nxc3 7. bxc3 Bd7 8. c4 dxc4 9. Bxc4 Na5 10. Bd3 c5 11. c3 Bc6 12. O-O c4 13. Bc2 Be7 14.
Qe2 O-O 15. Rb1 Qd5 16. Re1 b5 17. Be4 Qxe4 18. Qxe4 Bxe4 19. Rxe4 Nb3 20. Bg5 Bxg5 21. Nxg5 Nd2 22. Ree1 Nxb1 23. Rxb1 Rfb8 24. Ne4 a5 25. Nc5 b4 26. axb4 axb4 27. cxb4 Rxb4 28. Rc1 c3 29. g3 Ra3 30. Ne4 Rxd4 31. Rxc3 Rxc3 32. Nxc3 Rd2 33. f4 Kf8 34. Ne4 Re2 35. Nc3 Rc2 36. Ne4 Ke7 37. Nf2 f6 38. exf6+ gxf6 39. Kg2 e5 40. fxe5 fxe5 41. Kf3 Ke6 42. h4 Kd5 43. Ng4 e4+ 44. Ke3 Rc3+ 45. Ke2 Rxg3 46. Nf6+ Ke5 47. Nxh7 Kf4 48. Nf6 Rg2+ 49. Kf1 Kf3 50. Nxe4 Rh2 51. Ng5+ Ke3 52. Kg1 Rxh4 53. Ne6 1/2-1/2

[Event "Late-Titled-Tuesday-Blitz-September-05-2023"]
[Site "Chess.com"]
[Date "2023.09.05"]
[Round "7"]
[White "PepeCuenca"]
[Black "DawidCzerw"]
[Result "1/2-1/2"]
[WhiteElo "2662"]
[BlackElo "2502"]
[TimeControl "180+1"]
[EndTime "15:18:41 PDT"]
[Termination "Game drawn by repetition"]

1. c4 c6 2. d4 d5 3. Nf3 Nf6 4. Qb3 dxc4 5. Qxc4 Bf5 6. g3 e6 7. Bg2 h6 8. O-O Nbd7 9. Nc3 Be7 10. Re1 Ne4 11. Qb3 Qb6 12. Nh4 Nxc3 13. bxc3 Bxh4 14. gxh4 O-O 15. e4 Bg6 16. Bf4 Rfe8 17. Bd6 e5 18.
Qc4 Qd8 19. Rad1 Qxh4 20. Qb4 b6 21. a4 Bh5 22. Rd3 Re6 23. Rg3 c5 24. dxc5 Nxc5 25. Bxc5 bxc5 26. Qxc5 Rd8 27. Qxa7 Red6 28. Qe3 Rd1 29.
Bf1 Qf4 30. Kg2 R1d2 31. Be2 Bg6 32. Bf3 R2d3 33. Qxf4 exf4 34. Rg4 Rxc3 35. Rxf4 Rc4 36. a5 Ra4 37. Bg4 Rxa5 38. Bf3 Ra4 39. Re2 Re8 40. Kg3 f6 41. h4 h5 42. Bg2 Ra3+ 43. Rf3 Ra4 44. Rfe3 Re7 45. f4 Bh7 46. f5 g6 47.
fxg6 Bxg6 48. Bf3 Kf7 49. Re1 Ra5 50. R1e2 Rae5 51. Kf4 R5e6 52. Re1 Re5 53. R1e2 Re8 54. Bg2 R8e7 55. Bh3 Re8 56. Bg2 R8e7 57. Bf3 1/2-1/2

[Event "Late-Titled-Tuesday-Blitz-September-05-2023"]
[Site "Chess.com"]
[Date "2023.09.05"]
[Round "7"]
[White "Orest_Vovk"]
[Black "realburq"]
[Result "0-1"]
[WhiteElo "2564"]
[BlackElo "2384"]
[TimeControl "180+1"]
[EndTime "15:18:41 PDT"]
[Termination "realburq won by resignation"]

1. g4 g6 2. g5 Bg7 3. Bg2 d5 4. h4 h5 5. c4 c6 6. cxd5 cxd5 7. Nc3 d4 8. Ne4 Nc6 9. d3 e5 10. Nf3 Bg4 11. Qb3 Qc7 12. Bd2 Be6 13. Qa3 Bf8 14. Qa4 a6 15. Rc1 b5 16. Rxc6 Qxc6 17. Nxd4 Qxe4 18.
Bxe4 bxa4 19. Nxe6 Rc8 20. Nxf8 Kxf8 21. Bc3 Ne7 22.
Bxe5 Rg8 23. Kd2 Ke8 24. Bb7 Rc5 25. Bc3 a5 26. e4 Kd7 27. Ba6 Rb8 28. d4 Rc7 29. a3 Rb3 30. Rh3 Nc6 31. Rf3 Ke7 32.
Bd3 Nd8 33. d5 Nb7 34. Bf6+ Ke8 35. e5 Nc5 36. Be4 Nxe4+ 37. Ke2 Nxf6 38. Rxf6 Rc2+ 39.
Kf1 Rbxb2 40. d6 Rd2 41. e6 fxe6 42. Rxe6+ Kd7 43. Rxg6 Rxd6 44. Rg7+ Kc6 45. Rf7 Rb3 46. Kg2 Rxa3 47. Rh7 Rb3 48. Rxh5 a3 49. g6 Rxg6+ 50. Kf1 a2 51. Rxa5 Rb1+ 52. Ke2 a1=Q 53. Rxa1 Rxa1 54. h5 Rh6 0-1

[Event "Late-Titled-Tuesday-Blitz-September-05-2023"]
[Site "Chess.com"]
[Date "2023.09.05"]
[Round "7"]
[White "ChEsper99"]
[Black "TC2304"]
[Result "1-0"]
[WhiteElo "2188"]
[BlackElo "2341"]
[TimeControl "180+1"]
[EndTime "15:18:43 PDT"]
[Termination "ChEsper99 won by resignation"]

1. e4 e6 2. d4 d5 3. Nd2 dxe4 4. Nxe4 Bd7 5. Nf3 Bc6 6. Bd3 Nd7 7. O-O Ngf6 8. Qe2 Nxe4 9. Bxe4 Bxe4 10. Qxe4 c6 11. Bf4 Nf6 12. Qe2 Bd6 13. Be5 O-O 14. h3 c5 15. Rfd1 Qe7 16. Bxd6 Qxd6 17. Qb5 cxd4 18. Rxd4 Qc7 19. Rc4 Qe7 20. Rd1 Rac8 21. b3 Rxc4 22. Qxc4 Nd5 23. Qd4 b6 24. c4 Nf6 25. Ne5 h6 26. Qd6 Re8 27. Nc6 Qb7 28. Nb4 Re7 29.
Qc6 Qxc6 30. Nxc6 Rc7 31. Ne5 Kf8 32. f3 Ke7 33. Kf2 b5 34. Rd2 bxc4 35. Nxc4 Nd5 36. g3 g5 37. Rd4 Rb7 38. Rd2 Rb4 39. Ne3 Nc3 40. Nc4 Rb5 41. Rc2 Nd5 42. Ne3 Kd6 43.
Nxd5 Rxd5 44. Ke3 f5 45. f4 gxf4+ 46. gxf4 Rd1 47. Rd2+ Rxd2 48. Kxd2 Kc5 49. Kc3 Kd5 50. Kd3 Kc5 51. a3 a5 52. Kc3 Kd5 53. b4 axb4+ 54. axb4 e5 55. fxe5 Kxe5 56. Kd3 Kd5 57. Ke3 Kc4 58.
Kf4 Kxb4 59. Kxf5 Kc5 60. Kg6 Kd6 61. Kxh6 Ke7 62. Kg7 Ke6 63. h4 Kf5 64. h5 Kg5 65. h6 1-0

[Event "Late-Titled-Tuesday-Blitz-September-05-2023"]
[Site "Chess.com"]
[Date "2023.09.05"]
[Round "7"]
[White "gunslinger222"]
[Black "GAO"]
[Result "1/2-1/2"]
[WhiteElo "2433"]
[BlackElo "2301"]
[TimeControl "180+1"]
[EndTime "15:18:44 PDT"]
[Termination "Game drawn by repetition"]

1. d4 Nf6 2. c4 e6 3. Nf3 d5 4. Nc3 Bb4 5. cxd5 exd5 6. Bg5 O-O 7. e3 h6 8. Bxf6 Qxf6 9. Qb3 c5 10. dxc5 Bxc3+ 11. Qxc3 Qxc3+ 12. bxc3 Be6 13. Ne5 Rc8 14. Nd3 Nd7 15. Kd2 Nxc5 16. Nxc5 Rxc5 17. Bd3 Rac8 18.
Rhc1 Kf8 19. Rab1 b6 20. Rb5 Ke7 21. h3 Kd6 22. f4 Bd7 23. Rxc5 bxc5 24. c4 Be6 25. f5 dxc4 26. fxe6 cxd3 27. exf7 c4 28. Rxc4 Rf8 29. Rd4+ Ke5 30. Rd7 a5 31. Kxd3 Ke6 32.
Ra7 Rd8+ 33. Ke4 Rb8 34. a3 Rc8 35. g4 Rc4+ 36. Kd3 Rc8 37. e4 Rd8+ 38. Ke3 Rb8 39.
h4 g5 40. hxg5 hxg5 41. Rxa5 Kxf7 42. Rxg5 Rb3+ 43. Kf4 Rxa3 44. Rb5 Ra1 45. Rb6 Ra2 46.
Kf5 Rf2+ 47. Kg5 Re2 48. Rf6+ Ke7 49. Rf4 Ke6 50. Kg6 Ke5 51. Rf8 Rg2 52. g5 Kxe4 53. Kh6 Ke5 54. g6 Rh2+ 55. Kg7 Ke6 56. Kg8 Ke7 57. g7 Rh3 58. Rf1 Ra3 59. Re1+ Kf6 60.
Rf1+ Kg6 61. Kh8 Rh3+ 62. Kg8 Ra3 63. Rg1+ Kf6 64. Rf1+ Kg6 1/2-1/2

[Event "Late-Titled-Tuesday-Blitz-September-05-2023"]
[Site "Chess.com"]
[Date "2023.09.05"]
[Round "7"]
[White "Zhigalko_Sergei"]
[Black "BogdanDeac"]
[Result "0-1"]
[WhiteElo "2889"]
[BlackElo "3003"]
[TimeControl "180+1"]
[EndTime "15:18:46 PDT"]
[Termination "BogdanDeac won by resignation"]

1. e4 e5 2. Nf3 Nf6 3. d4 Nxe4 4. Bd3 d5 5. Nxe5 Bd6 6. O-O O-O 7. c4 c5 8. cxd5 Nf6 9. Bg5 cxd4 10. Nf3 Be7 11. Re1 Nxd5 12. Bxe7 Nxe7 13. Nxd4 Nbc6 14. Nxc6 Nxc6 15.
Nc3 Be6 16. Be4 Rc8 17. Qa4 Qb6 18. Qb5 Qxb5 19. Nxb5 Rfd8 20. Rec1 a6 21. Bxc6 Rxc6 22. Nc3 Rd2 23. Rd1 Rcd6 24. b3 Kf8 25. h3 Ke7 26. Re1 Rc2 27. Rac1 Rdd2 28. Rxc2 Rxc2 29. Re3 Kd7 30. f3 b5 31. a4 b4 32. Ne4 h6 33. Rd3+ Kc7 34. Kh2 a5 35. Kg3 Rb2 36. Nc5 Bc8 37. Re3 Rc2 38. Ne4 Be6 39. Kf4 Rxg2 40. h4 Rc2 41. Ke5 Rh2 42. f4 Rxh4 43.
Rg3 g6 44. Nf6 Rh1 45. Re3 Rc1 46. Ne8+ Kc6 47. Nf6 Rc3 48. Re1 Rxb3 49. f5 gxf5 50.
Rc1+ Rc3 51. Re1 b3 52. Kd4 Rc4+ 53. Kd3 Rxa4 54. Ng8 Re4 55. Ne7+ Kd6 56. Nc8+ Bxc8 57. Rxe4 fxe4+ 58. Kc3 a4 0-1

[Event "Late-Titled-Tuesday-Blitz-September-05-2023"]
[Site "Chess.com"]
[Date "2023.09.05"]
[Round "7"]
[White "vladislavkovalev"]
[Black "Bigfish1995"]
[Result "0-1"]
[WhiteElo "2905"]
[BlackElo "3078"]
[TimeControl "180+1"]
[EndTime "15:18:47 PDT"]
[Termination "Bigfish1995 won on time"]

1. e4 a6 2. d4 e6 3. Bd3 g6 4. Nf3 Bg7 5. O-O Ne7 6. Qe2 O-O 7. c4 d6 8. Nc3 e5 9. dxe5 dxe5 10. c5 Nbc6 11. h3 Nd4 12. Qd1 Nxf3+ 13. Qxf3 Nc6 14. Rd1 Nd4 15. Qg3 Qe7 16. b4 Be6 17. Bg5 f6 18. Be3 f5 19. Bxd4 f4 20. Qf3 exd4 21. Nd5 Qf7 22. a4 Be5 23. b5 g5 24. Rac1 axb5 25.
axb5 h5 26. Bc4 g4 27. hxg4 hxg4 28. Qb3 Kg7 29. f3 g3 30. Kf1 Rh8 31. Ke2 Rh2 32. Rg1 Rd8 33. Nb4 d3+ 34. Nxd3 Bxc4 35. Qxc4 Bd4 36.
Qxf7+ Kxf7 37. Nxf4 Bxg1 38. Rxg1 Rd4 39. Ke3 Rc4 40. c6 bxc6 41. bxc6 Rc3+ 42. Kd4 Rc2 43. Ke3 Ke7 44. Ne2 Kd6 45. Rd1+ Kc5 46. Rd5+ Kb6 47. Nxg3 Rhxg2 48. Nf5 Rc3+ 49. Kf4 Rxc6 50. e5 Rc4+ 51. Ke3 Rc3+ 52. Kf4 Rc4+ 53. Ke3 Rg5 54. Nd4 c6 55. f4 Rg3+ 0-1

[Event "Late-Titled-Tuesday-Blitz-September-05-2023"]
[Site "Chess.com"]
[Date "2023.09.05"]
[Round "7"]
[White "Durarbayli"]
[Black "nihalsarin"]
[Result "0-1"]
[WhiteElo "2890"]
[BlackElo "3143"]
[TimeControl "180+1"]
[EndTime "15:18:50 PDT"]
[Termination "nihalsarin won on time"]

1. e4 a6 2. d4 c6 3. Bd3 d5 4. e5 c5 5. c3 Nc6 6. Ne2 Bg4 7. f3 Bh5 8. Nf4 Bg6 9. Nxg6 hxg6 10. e6 Qd6 11.
exf7+ Kxf7 12. dxc5 Qxc5 13. Qe2 Rxh2 14. Rf1 Nf6 15. Bf4 Rh5 16. g4 Rh8 17. Qc2 e5 18. Bxg6+ Kg8 19. Bg5 Ne7 20. Nd2 e4 21. Bf5 Nxf5 22.
gxf5 Rh2 23. Bf4 Rg2 24. fxe4 Nxe4 25. O-O-O Rc8 26. Kb1 Qb5 27. Ka1 Nxd2 28. Bxd2 d4 29. Rg1 d3 30. Qc1 Rxg1 31. Rxg1 Qxf5 32. c4 Qe6 33. b3 b5 34. Bc3 bxc4 35. bxc4 Qxc4 36. Bb2 Qxc1+ 37. Bxc1 Bc5 38. Rg4 Kf7 39. Kb2 Ba3+ 40. Kxa3 Rxc1 41. Rd4 Rd1 42. Kb2 g5 43. Kc3 Kf6 44.
Rd6+ Kf5 45. Rxa6 g4 46. Ra8 g3 47. Rf8+ Kg4 48. Rg8+ Kh3 49. Rh8+ Kg2 50. a4 Ra1 51. Rh4 Kf3 52. Kxd3 g2 53. Rh3+ Kg4 54. Rh8 Rxa4 55. Ke2 Ra2+ 56. Ke3 g1=Q+ 0-1

[Event "Late-Titled-Tuesday-Blitz-September-05-2023"]
[Site "Chess.com"]
[Date "2023.09.05"]
[Round "7"]
[White "Sinquefield"]
[Black "NotFischer"]
[Result "1-0"]
[WhiteElo "2468"]
[BlackElo "2278"]
[TimeControl "180+1"]
[EndTime "15:18:52 PDT"]
[Termination "Sinquefield won by resignation"]

1. d4 Nf6 2. Bg5 Ne4 3. Bh4 d5 4. f3 Nd6 5. Nc3 c6 6. e4 dxe4 7. fxe4 g6 8. Nf3 Bg7 9. Bd3 O-O 10. O-O Bg4 11. Bf2 e5 12. d5 cxd5 13. Nxd5 Nc6 14. c3 Kh8 15. h3 Bxf3 16. Qxf3 f5 17. Qe2 Qd7 18. Rad1 Rad8 19. Bb1 fxe4 20. Bxe4 Nxe4 21. Qxe4 Qf5 22. Qe2 Qe6 23. c4 e4 24. b3 Rfe8 25.
Nc7 Qe7 26. Nxe8 Rxe8 27. Rfe1 Bc3 28. Rf1 Qe5 29. Rd5 Qe6 30. Rfd1 e3 31. Be1 Be5 32. R1d3 Bf4 33. Bc3+ Kg8 34. Qf3 Bh6 35. Rd6 Qe7 36. Qd5+ Qf7 37. Qxf7+ Kxf7 38. Rf6+ Kg8 39. Rf1 Ne5 40.
Bxe5 Rxe5 41. Re1 Bf4 42. Re2 h5 43. g3 Bh6 44. Kg2 Kf7 45. Kf3 Kf6 46. Rdxe3 Rxe3+ 47. Rxe3 Bxe3 48. Kxe3 g5 49. Ke4 Ke6 50. g4 h4 51.
b4 b6 52. a4 a6 53. c5 bxc5 54. bxc5 a5 55. Kd4 Kd7 56. Kd5 Kc7 57. c6 Kd8 58.
Kc5 Kc7 59. Kb5 Kc8 60. Kxa5 Kc7 61. Kb5 Kd6 62. a5 Kc7 63. a6 1-0

[Event "Late-Titled-Tuesday-Blitz-September-05-2023"]
[Site "Chess.com"]
[Date "2023.09.05"]
[Round "7"]
[White "Godzillator"]
[Black "Chessbard1972"]
[Result "1-0"]
[WhiteElo "2340"]
[BlackElo "2478"]
[TimeControl "180+1"]
[EndTime "15:18:52 PDT"]
[Termination "Godzillator won on time"]

1. Nf3 Nf6 2. d4 g6 3. c3 Bg7 4. Bf4 d5 5. e3 O-O 6. h4 h5 7. Qb3 a5 8. a3 a4 9. Qc2 Bf5 10. Bd3 Bxd3 11. Qxd3 c5 12. Nbd2 Nbd7 13. Ne5 cxd4 14. cxd4 Qb6 15. Rb1 Rac8 16. O-O e6 17. b4 Nxe5 18. Bxe5 Ng4 19. Bxg7 Kxg7 20. Rbc1 Rc6 21. Nf3 Rfc8 22. Rc5 Qd8 23. Rfc1 Rxc5 24. Rxc5 b6 25. Rc2 Rc7 26. g3 Qc8 27. Rxc7 Qxc7 28. Qd1 b5 29. Qd2 Qc4 30. Ne1 Qb3 31. Qc1 Qa2 32. Nd3 Qc4 33. Qxc4 dxc4 34. Nc5 e5 35.
Kf1 exd4 36. exd4 Kf6 37. Ke2 Ke7 38. f3 Nf6 39. Ne4 Nd5 40. Kd2 f6 41. g4 Ke6 42.
gxh5 gxh5 43. Ng3 Nf4 44. Ke3 Ng2+ 45. Ke4 Nxh4 46. Nxh5 f5+ 47. Ke3 Ng6 48. Ng7+ Kf6 49. Ne8+ Ke7 50. Nc7 Kd6 51. Nxb5+ Kd5 52. Nc3+ Kd6 53.
Nxa4 Ne7 54. Nc3 Nc6 55. b5 Na5 56. a4 Nb3 57. a5 Nxa5 58. d5 Nb3 59. Kf4 Nd4 60.
b6 1-0

[Event "Late-Titled-Tuesday-Blitz-September-05-2023"]
[Site "Chess.com"]
[Date "2023.09.05"]
[Round "7"]
[White "alexrustemov"]
[Black "Alohamora11"]
[Result "0-1"]
[WhiteElo "2864"]
[BlackElo "2581"]
[TimeControl "180+1"]
[EndTime "15:18:53 PDT"]
[Termination "Alohamora11 won by checkmate"]

1. d4 Nf6 2. c4 c5 3. d5 e6 4. Nc3 exd5 5. cxd5 d6 6. e4 g6 7. h3 Bg7 8. Nf3 O-O 9. Bd3 b5 10. Bxb5 Nxe4 11. Nxe4 Qa5+ 12. Nfd2 Qxb5 13. Nxd6 Qa6 14. N2c4 Nd7 15. O-O Ne5 16. Nxc8 Raxc8 17. Nxe5 Bxe5 18. Re1 Qd6 19. Bg5 Rfe8 20. Qd2 Bd4 21. Be3 Qxd5 22. b3 Rcd8 23. Rad1 Re6 24. Bh6 Rde8 25. Rxe6 Qxe6 26. Bf4 Qa6 27. Be3 Bxe3 28. fxe3 Qe6 29. Re1 Qe5 30. Qd3 Re6 31. Kh1 Rd6 32. Qe2 Qe4 33. Qf2 Rd3 34. Re2 Rd1+ 35. Kh2 Qb1 36. Qf4 Qa1 37. Rf2 Qg7 38.
Qb8+ Qf8 39. Qxf8+ Kxf8 40. Rc2 Ra1 41. Kg3 Ke7 42.
Kf4 Kd6 43. Kg5 h5 44. Kf6 Rf1+ 45. Kg7 Kd5 46. Rc4 Rf2 47. Ra4 Rxg2 48. Kxf7 g5 49.
Rxa7 g4 50. hxg4 hxg4 51. Kf6 g3 52. Kf5 Rf2+ 53. Kg4 g2 54. Rd7+ Kc6 55. Rd1 Rf1 56.
Kh3 g1=Q 57. Rd6+ Kxd6 58. e4 Rf2 59. e5+ Ke7 60. e6 Rh2# 0-1

[Event "Late-Titled-Tuesday-Blitz-September-05-2023"]
[Site "Chess.com"]
[Date "2023.09.05"]
[Round "7"]
[White "Hikaru"]
[Black "FabianoCaruana"]
[Result "0-1"]
[WhiteElo "3237"]
[BlackElo "3085"]
[TimeControl "180+1"]
[EndTime "15:19:01 PDT"]
[Termination "FabianoCaruana won by resignation"]

1. a3 a6 2. Nf3 g6 3. e4 c5 4. d4 cxd4 5. Nxd4 Bg7 6. Nc3 Nc6 7. Be3 Nf6 8. Nxc6 bxc6 9. e5 Ng8 10. Bf4 Rb8 11. Rb1 d6 12. Bc4 d5 13. Bd3 Nh6 14. O-O O-O 15. Qd2 Nf5 16. Rfe1 Nd4 17. Na4 Ne6 18.
b4 Nxf4 19. Qxf4 a5 20. Nc5 axb4 21. axb4 e6 22. Qg3 Qe7 23. h4 Ra8 24. h5 g5 25.
Re3 h6 26. Rbe1 Rb8 27. c3 d4 28. R3e2 dxc3 29. Qg4 Rd8 30. Qc4 Rd5 31. Qxc3 Qd8 32. Bc4 Rd4 33. Re4 Rxe4 34. Nxe4 Qb6 35. Rd1 Ba6 36. Bxa6 Qxa6 37. Rd7 Qe2 38. Qd4 Rb5 39. Nf6+ Bxf6 40. exf6 Qxh5 41. Rd8+ Kh7 42. Qd6 Rd5 43.
Qf8 Rd1+ 44. Rxd1 Qxd1+ 45. Kh2 Qh5+ 46. Kg1 Qg6 47. Qd6 Qe4 48. Qf8 Qe1+ 49. Kh2 Qe5+ 50. Kh1 Qxf6 51. Qc5 e5 52. f3 Kg7 53. Kg1 h5 54. Qc4 h4 55. Kh1 Qe6 56. Qc1 Qf6 57. Qd2 Kg6 58. Qd3+ Kh6 59. Qc3 Qe6 60. Qd3 f5 61.
Qd8 e4 62. f4 gxf4 63. Qxh4+ Kg6 64. Qxf4 e3 65. Kg1 e2 66. Qg3+ Kf7 67. Qe1 Qe3+ 68. Kh2 f4 69. Kh1 f3 70. gxf3 Qxf3+ 71. Kh2 Qf1 72.
Qh4 e1=Q 73. Qh7+ Ke6 74. Qe4+ 0-1